 Dungeon Crawl Stone Soup version 0.26.0-18-gc5c842f807 (webtiles) character file.

Game seed: 13352174817585765909

12821 kaeus the Arsonist (level 11, -1/64 HPs)
             Began as a Gargoyle Fire Elementalist on Jan 22, 2021.
             Was a Priest of the Shining One.
             Slain by delverdan's ghost (8 damage)
             ... on level 10 of the Dungeon.
             The game lasted 00:27:45 (15048 turns).

kaeus the Arsonist (Gargoyle Fire Elementalist)    Turns: 15048, Time: 00:27:45

Health: -1/64      AC: 19    Str: 13    XL:     11   Next: 99%
Magic:  4/22       EV: 15    Int: 20    God:    the Shining One [***...]
Gold:   484        SH:  9    Dex: 11    Spells: 11/25 levels left

rFire    + . .     SeeInvis .   I - +7 Spriggan's Knife {stab, EV+4 Stlth+}
rCold    . . .     Faith    +   v - +0 kite shield
rNeg     + + .     Spirit   .   i - +0 robe
rPois    ∞         Reflect  .   q - +0 helmet
rElec    +         Harm     .   y - +0 cloak
rCorr    .         Rampage  .   b - +2 pair of gloves
Will     .....                  g - +1 pair of boots
Stlth    +.........             t - amulet of faith
HPRegen  0.20/turn              u - ring of fire
MPRegen  0.18/turn              G - ring of the Octopus King {rC+ AC+1 EV+1 Str+1 Int+1 Dex+1}

@: brilliant, about to teleport, hasted and slowed, glowing
A: negative energy resistance 1, electricity resistance, unbreathing,
petrification resistance, miasma immunity, AC +8
a: Renounce Religion, Divine Shield


You were on level 10 of the Dungeon.
You worshipped the Shining One.
The Shining One was most pleased with you.
You visited 2 branches of the dungeon, and saw 11 of its levels.

You collected 621 gold pieces.
You spent 137 gold pieces at shops.

Inventory:

Hand Weapons
 d - a +8 dagger
 I - the +7 Spriggan's Knife (weapon) {stab, EV+4 Stlth+}
   (You found it on level 8 of the Dungeon)

   It affects your evasion (+4).
   It makes you more stealthy.
Armour
 b - a +2 pair of gloves (worn)
 g - a +1 pair of boots (worn)
 i - a +0 robe (worn)
 q - a +0 helmet (worn)
 v - a +0 kite shield (worn)
 y - a +0 cloak (worn)
Jewellery
 c - a +4 ring of protection
 o - a +6 ring of strength
 s - a +6 ring of dexterity
 t - an amulet of faith (around neck)
 u - a ring of fire (left hand)
 w - an uncursed amulet of regeneration
 D - an uncursed ring of positive energy
 G - a ring of the Octopus King (right hand) {rC+ AC+1 EV+1 Str+1 Int+1 Dex+1}
   (You found it on level 8 of the Dungeon)

   [ring of protection from cold]

   It affects your AC (+1).
   It affects your evasion (+1).
   It affects your strength (+1).
   It affects your intelligence (+1).
   It affects your dexterity (+1).
   It protects you from cold.
 H - a cursed -4 ring of dexterity
 L - an uncursed amulet of magic regeneration
Scrolls
 a - 2 scrolls of remove curse
 h - 8 scrolls of identify
 j - a scroll of immolation {unknown}
 k - a scroll of vulnerability {unknown}
 l - 2 scrolls of amnesia {unknown}
 m - 2 scrolls of fog
 p - 3 scrolls of teleportation
 r - a scroll of magic mapping
Potions
 e - 2 potions of degeneration
 f - a potion of resistance {unknown}
 n - 2 potions of attraction
 x - a potion of cancellation {unknown}
 z - a potion of haste
 B - a potion of berserk rage {unknown}
 E - a potion of invisibility {unknown}
 K - a potion of ambrosia {unknown}
 M - a potion of mutation {unknown}


   Skills:
 + Level 5.4 Fighting
 + Level 4.4 Short Blades
 + Level 5.3 Armour
 + Level 2.7 Dodging
 - Level 2.1 Stealth
 + Level 5.1 Shields
 + Level 7.5 Spellcasting
 + Level 8.7 Conjurations
 + Level 10.5 Fire Magic
 + Level 3.2 Air Magic
 - Level 2.0 Evocations


You had 11 spell levels left.
You knew the following spells:

 Your Spells              Type           Power        Failure   Level
a - Foxfire               Conj/Fire      100%         1%          1
b - Fireball              Conj/Fire      40%          17%         5
c - Sticky Flame          Conj/Fire      80%          6%          4
d - Poisonous Vapours     Pois/Air       42%          24%         2
e - Slow                  Hex            11%          43%         2

Your spell library contained the following spells:

 Spells                   Type           Power        Failure   Level
 Conjure Flame            Conj/Fire      80%          1%          3
 Inner Flame              Hex/Fire       59%          11%         3
 Stone Arrow              Conj/Erth      74%          16%         3
 Mephitic Cloud           Conj/Pois/Air  35%          19%         3
 Corpse Rot               Necr/Air       N/A          24%         2
 Corona                   Hex            12%          32%         1
 Confusing Touch          Hex            11%          67%         3
 Gell's Gravitas          Tloc           5%           67%         3
 Portal Projectile        Hex/Tloc       22%          67%         3
 Cause Fear               Hex            5%           97%         4
 Leda's Liquefaction      Hex/Erth       5%           97%         4
 Petrify                  Tmut/Erth      11%          97%         4
 Metabolic Englaciation   Hex/Ice        5%           100%        5
 Summon Forest            Summ/Tloc      5%           100%        5
 Yara's Violent Unravell  Hex/Tmut       5%           100%        5
 Eringya's Noxious Bog    Tmut/Pois      5%           100%        6
 Freezing Cloud           Conj/Ice/Air   17%          100%        6
 Hydra Form               Tmut           5%           100%        6
 Summon Hydra             Summ           5%           100%        7


Dungeon Overview and Level Annotations

Branches:
Dungeon (10/15)            Temple (1/1) D:5             Orc (0/2) D:9
   Lair: D:8-11

Altars:
Ashenzari
Cheibriados
Dithmenos
Elyvilon
Fedhas
Gozag
Hepliaklqana
Kikubaaqudgha
Makhleb
Nemelex Xobeh
Okawaru
Qazlal
Ru
Sif Muna
Trog
Uskayaw
Vehumet
Wu Jian
Xom
Yredelemnul
Zin
The Shining One

Shops:
D:5 (   D:8 ?   D:9 ?

Annotations:
D:10 delverdan's ghost, novice TeGl


Innate Abilities, Weirdness & Mutations

You are resistant to torment.
Your stone body is resilient. (AC +8)
You are immune to poison.
You resist negative energy. (rN+)
You are resistant to electric shocks. (rElec)
You can survive without breathing.
You are immune to petrification.
You are immune to miasma.


Message History

You block the wraith's attack. The wraith barely misses you.
You block the wraith's attack. The wraith hits you but does no damage.
You hit delverdan's ghost.
Delverdan's ghost is severely damaged.
Delverdan's ghost hits you.
* * * LOW HITPOINT WARNING * * *
You block the wraith's attack. The wraith hits you but does no damage.
The wraith misses you.
You take 6 damage, and have 6/64 hp.
It was a potion of brilliance.
You feel clever all of a sudden. You block the wraith's attack.
Delverdan's ghost completely misses you.
The wraith hits you but does no damage. You block the wraith's attack.
The wraith completely misses you.
You closely miss delverdan's ghost.
Delverdan's ghost is severely damaged.
You block the wraith's attack. The wraith barely misses you.
Delverdan's ghost hits you!
You die...

#.......#.....#......♣
#...P...#...###....♣♣♣
#.......#...#.....[♣♣♣
###.....#...#.......≈)
#.....#######....♣P≈
#.....#.#.#.#....♣♣♣
#.....#.....#.....♣.
#..WW.'...?8#.......
#..@W.'...:.#.......
#..WW.'...$8#.......
#####.#.....#...#)##
#.#.#.#.#...'...
#########...#...
#..........#...
#######...<......#..#
#......###########..#
#......#............#


You could see 4 wraiths and delverdan's ghost.

Vanquished Creatures
  Harold (D:7)
  4 two-headed ogres
  Urug (D:10)
  2 unseen horrors (D:10)
  Pikel (D:8)
  A manticore (D:8)
  8 yaks
  Sigmund (D:4)
  2 wyverns (D:8)
  Menkaure (D:7)
  Duvessa (D:4)
  2 black bears (D:10)
  A sky beast (D:8)
  4 orc warriors
  6 ice beasts
  4 ogres
  A phantom (D:10)
  2 necrophages
  2 centaurs (D:10)
  3 lemures (D:8)
  4 big kobolds
  Blork the orc (D:5)
  9 bullfrogs
  A gnoll sergeant (D:10)
  A wyvern skeleton (D:8)
  6 scorpions
  Dowan (D:4)
  A wight (D:8)
  7 howler monkeys
  3 electric eels (D:10)
  2 bullfrog zombies
  A quasit (D:7)
  4 centaur skeletons
  3 hounds
  6 orc priests
  Crazy Yiuf (D:7)
  3 jellies
  2 bullfrog skeletons
  Jessica (D:2)
  10 orc wizards
  5 iguanas
  10 worker ants
  A hound zombie (D:5)
  3 hound skeletons
  Robin (D:3)
  3 gnolls (D:10)
  8 adders
  2 ufetubi
  2 oozes (D:1)
  An adder zombie (D:6)
  2 adder skeletons
  5 worms
  A dart slug (D:2)
  10 leopard geckos
  30 orcs
  6 giant cockroaches
  22 goblins
  6 hobgoblins
  3 jackals (D:3)
  24 kobolds
  3 quokkas
  3 ball pythons (D:1)
  A ball python zombie (D:4)
  4 bats
  6 frilled lizards
  5 rats (D:1)
282 creatures vanquished.

Vanquished Creatures (collateral kills)
  8 foxfires
8 creatures vanquished.

Vanquished Creatures (others)
  867 foxfires
  12 plants (D:10)
879 creatures vanquished.

Grand Total: 1169 creatures vanquished

Notes
Turn   | Place    | Note
-------+----------+-------------------------------------------
     0 | D:1      | kaeus the Gargoyle Fire Elementalist began the quest for
                  | the Orb.
     0 | D:1      | Reached XP level 1. HP: 10/10 MP: 3/3
   187 | D:1      | Reached XP level 2. HP: 9/15 MP: 1/5
  1001 | D:1      | Reached XP level 3. HP: 19/19 MP: 2/6
  1929 | D:2      | Noticed Jessica
  1933 | D:2      | Killed Jessica
  1934 | D:2      | Reached skill level 4 in Fire Magic
  1934 | D:2      | Reached XP level 4. HP: 24/24 MP: 2/7
  2051 | D:2      | Found a radiant altar of Vehumet.
  2144 | D:2      | Found a hide-covered altar of Uskayaw.
  2152 | D:2      | Found a white marble altar of Elyvilon.
  2152 | D:2      | Found a sacrificial altar of Ru.
  2154 | D:2      | Found a burning altar of Makhleb.
  2154 | D:2      | Found a hide-covered altar of Uskayaw.
  2154 | D:2      | Found a shimmering altar of Xom.
  2192 | D:2      | Found a blossoming altar of Fedhas.
  3308 | D:3      | Reached XP level 5. HP: 13/28 MP: 1/9
  3652 | D:3      | Noticed Robin
  3690 | D:3      | Killed Robin
  4310 | D:3      | Found a bloodstained altar of Trog.
  4387 | D:4      | Reached skill level 5 in Fire Magic
  4387 | D:4      | Reached XP level 6. HP: 32/32 MP: 4/10
  4876 | D:4      | Noticed Sigmund
  4901 | D:4      | Killed Sigmund
  4902 | D:4      | Reached skill level 6 in Fire Magic
  4902 | D:4      | Reached XP level 7. HP: 30/36 MP: 10/12
  4903 | D:4      | Noticed Dowan
  4924 | D:4      | Noticed Duvessa
  4941 | D:4      | Killed Dowan
  4943 | D:4      | Killed Duvessa
  5567 | D:4      | Reached XP level 8. HP: 35/41 MP: 8/14
  5632 | D:4      | Reached skill level 7 in Fire Magic
  5931 | D:4      | Learned a level 5 spell: Fireball
  5936 | D:4      | Learned a level 4 spell: Sticky Flame
  5981 | D:5      | Entered Level 5 of the Dungeon
  6039 | D:5      | Reached skill level 5 in Conjurations
  6479 | D:5      | Found Heny's Antique Weapon Boutique.
  6484 | D:5      | Noticed Blork the orc
  6490 | D:5      | Killed Blork the orc
  6647 | D:5      | Found a staircase to the Ecumenical Temple.
  6908 | D:5      | Reached skill level 5 in Spellcasting
  6921 | Temple   | Entered the Ecumenical Temple
  7095 | Temple   | Became a worshipper of the Shining One
  7130 | D:5      | Reached skill level 8 in Fire Magic
  7156 | D:5      | HP: 1/41 [orc priest/divine providence (10)]
  7554 | D:5      | Found a shimmering blue altar of Sif Muna.
  7769 | D:5      | Reached XP level 9. HP: 24/45 MP: 3/17
  8243 | D:6      | Reached skill level 9 in Fire Magic
  9069 | D:6      | Found a sacrificial altar of Ru.
  9350 | D:7      | Noticed Menkaure
  9354 | D:7      | Killed Menkaure
  9683 | D:7      | Noticed Harold
  9703 | D:7      | Killed Harold
  9704 | D:7      | Reached skill level 1 in Fighting
  9704 | D:7      | Reached skill level 1 in Short Blades
  9704 | D:7      | Reached skill level 1 in Armour
  9704 | D:7      | Reached skill level 1 in Shields
  9704 | D:7      | Reached skill level 1 in Evocations
  9803 | D:7      | Found a runed translucent door.
  9804 | D:7      | Noticed Crazy Yiuf
  9861 | D:7      | Found a hazy altar of Hepliaklqana.
 10032 | D:7      | Killed Crazy Yiuf
 10129 | D:8      | Reached XP level 10. HP: 53/53 MP: 19/19
 10182 | D:8      | Reached * piety under the Shining One
 10257 | D:8      | Found an ancient bone altar of Kikubaaqudgha.
 10362 | D:8      | Noticed Pikel
 10385 | D:8      | Killed Pikel
 10742 | D:8      | Found Enoda's Magic Scroll Boutique.
 11116 | D:8      | Found a burning altar of Makhleb.
 11136 | D:8      | Noticed a two-headed ogre
 11138 | D:8      | Noticed a manticore
 11139 | D:8      | Found the ring of the Octopus King
 11139 | D:8      | Found the +7 Spriggan's Knife {stab, EV+4 Stlth+}
 11149 | D:8      | Killed a two-headed ogre
 11150 | D:8      | Reached skill level 1 in Air Magic
 11162 | D:8      | Killed a manticore
 11180 | D:8      | Reached skill level 10 in Fire Magic
 11198 | D:8      | Got a ring of the Octopus King
 11211 | D:8      | Identified a ring of the Octopus King {rC+ AC+1 EV+1 Str+1
                  | Int+1 Dex+1} (You found it on level 8 of the Dungeon)
 11899 | D:9      | Noticed a two-headed ogre
 11908 | D:9      | Killed a two-headed ogre
 11909 | D:9      | Reached XP level 11. HP: 61/61 MP: 10/21
 11983 | D:9      | Found Pealig's Magic Scroll Shoppe.
 11987 | D:9      | Bought a scroll of identify for 22 gold pieces
 11987 | D:9      | Bought a scroll of remove curse for 33 gold pieces
 11987 | D:9      | Bought a scroll of enchant armour for 82 gold pieces
 11996 | D:9      | Reached ** piety under the Shining One
 12840 | D:9      | Found a staircase to the Orcish Mines.
 12962 | D:9      | Learned a level 2 spell: Poisonous Vapours
 12965 | D:9      | Learned a level 2 spell: Slow
 13146 | D:10     | Entered Level 10 of the Dungeon
 13223 | D:10     | Noticed an unseen horror
 13231 | D:10     | Killed an unseen horror
 13602 | D:10     | Reached skill level 5 in Fighting
 13704 | D:10     | Noticed an unseen horror
 13712 | D:10     | Killed an unseen horror
 13773 | D:10     | Noticed a two-headed ogre
 13781 | D:10     | Killed a two-headed ogre
 13887 | D:10     | Noticed Urug
 13910 | D:10     | Killed Urug
 13911 | D:10     | Reached skill level 5 in Armour
 14019 | D:10     | Noticed a two-headed ogre
 14028 | D:10     | Killed a two-headed ogre
 14029 | D:10     | Reached skill level 5 in Shields
 14379 | D:10     | Found a broken altar of Ashenzari.
 14388 | D:10     | Reached *** piety under the Shining One
 14472 | D:10     | Found a runed translucent gate.
 14473 | D:10     | Found a runed translucent gate.
 14479 | D:10     | Noticed delverdan's ghost (novice TeGl)
 14496 | D:10     | Found a runed translucent gate.
 15048 | D:10     | Slain by delverdan's ghost

Illustrated notes

Levels and vault maps discovered:
D:1:      onia_arrival_handbag, layout_loops_corners
D:2:      layout_rooms, doesnt_xom_only_xom, marbit_many_paths,
          lemuel_doored_altar, minmay_door_square, uniq_jessica
D:3:      kennysheep_goblin_castle, layout_loops_corners, trog_book
D:4:      layout_cave_pools, serial_column_ruins, column_ruins_open_small,
          column_ruins_corridor_straight, column_ruins_grid_3,
          column_ruins_grid_1, column_ruins_columns_straight,
          minmay_divided_ellipse, uniq_duvessa, uniq_sigmund
D:5:      layout_basic, minmay_temple_entry_ruins, serial_shops, shop,
          basic_altar, chequers_serial_rivers_micro_a, corexii_corridor_pit,
          uniq_blork_the_orc
D:6:      layout_cave_pools, old_standard_altar, serial_co_window_serial,
          co_window_corner_a, co_window_paths_a, co_window_paths_a,
          co_window_paths_b, co_window_cross_1, co_window_unsneaky_path_b,
          co_window_cross_2, co_window_corner_b, co_window_broadway_b,
          co_window_4corner_a, glass_columns_a, glass_columns_a,
          chequers_ossuary_entry_cave, grunt_ministairs_4
D:7:      lemuel_ice_spiral_2, layout_rooms, general_overflow_altar,
          uniq_crazy_yiuf_cottage, uniq_harold, uniq_menkaure
D:8:      minmay_the_grid_triangle_9x9_rhombus_full
          [minmay_the_grid_triangle_9x9_odd_lines,
          minmay_the_grid_triangle_9x9_pentomino_pain,
          minmay_the_grid_triangle_9x9_impossible_snake,
          minmay_the_grid_triangle_9x9_corrupted_corridor,
          minmay_the_grid_triangle_9x9_stretched_checkered,
          minmay_the_grid_triangle_9x9_shrine,
          minmay_the_grid_triangle_9x9_zippers_vertical,
          minmay_the_grid_triangle_9x9_prize_center], layout_basic,
          kennysheep_mini_moat, serial_shops, shop_scrolls, uniq_pikel
D:9:      layout_rooms, orc_0_dummy, serial_shops, shop, st_stairs_10,
          eino_small_chamber_without_monster
D:10:     layout_gridville, serial_bayou, serial_bayou_crossing,
          serial_bayou_pond_c, serial_bayou_shore_b, serial_bayou_pond_b,
          serial_bayou_pond_a, serial_bayou_pond_e, gammafunk_ghost_spectres,
          ashenzari_altar_1, uniq_urug
Temple:   eino_temple_scatter_basement

Skill      XL: |  1  2  3  4  5  6  7  8  9 10 11 |
---------------+----------------------------------+-----
Conjurations   | 2 3 4 6 7 8 |  8.7
Fire Magic     | 4 5 6 8 9 10 | 10.5
Spellcasting   | 3 4 5 6 7 |  7.5
Fighting       | 1 4 5 |  5.4
Short Blades   | 1 3 4 |  4.4
Armour         | 1 4 5 |  5.3
Shields        | 1 3 5 |  5.1
Evocations     | 1 2 |  2.0
Air Magic      | 2 3 |  3.2
Dodging        | 2 |  2.7
Stealth        | |  2.1

Action                   |  1- 3 |  4- 6 |  7- 9 | 10-12 || total
-------------------------+-------+-------+-------+-------++-------
Melee: Unarmed           |    29 |       |       |       ||    29
       Dagger            |    35 |   121 |   175 |   137 ||   468
       Short sword       |       |       |    58 |       ||    58
       Knife             |       |       |       |   148 ||   148
 Cast: Foxfire           |    77 |   112 |   157 |   262 ||   608
       Sticky Flame      |       |       |    16 |    40 ||    56
  Use: Scroll            |     3 |     2 |    11 |     5 ||    21
       Potion            |       |     2 |     1 |     7 ||    10
 Stab: Sleeping          |     1 |       |       |       ||     1
Armor: Robe              |    16 |    59 |   131 |   159 ||   365
Dodge: Dodged            |    45 |    69 |   106 |   218 ||   438
Block: Kite shield       |       |       |    10 |   161 ||   171
